AoeStats
← Rahdwiin

Glade

510336936Analyzed
1v1 RM · 1d ago on Sep 30, 2026· 91m 50s· 2 players
Game mode
Random Map
Map size
Tiny (2 player)
Population
200
Speed
Normal
Resources
Standard
Victory
Conquest
Starting age
Dark Age
Ending age
Imperial Age
RankedLock teamsTeams togetherTeam positionsShared explorationLock speedFull tech treeHidden civsTurbo modeCheats
Victory
Defeat
🇧🇷 Danes · Brazil
436
+19
🇷🇴 Vietnamese · Romania
508
-19
Rahdwiin
9:24 Feudal Age
9:53 Double-Bit Axe
10:19 Man-at-Arms
10:45 Horse Collar
12:39 Arson
14:08 Forging
16:23 Scale Mail Armor
19:39 Castle Age
18:37 Gold Mining
18:39 Stone Mining
20:31 Bow Saw
20:33 Fletching
21:56 Bodkin Arrow
23:38 Elite Skirmisher
25:13 Padded Archer Armor
25:54 Heavy Plow
27:02 Ballistics
28:00 Loom
28:51 Wheelbarrow
28:50 Leather Archer Armor
30:22 Stone Shaft Mining
30:24 Gold Shaft Mining
29:39 Town Watch
30:34 Hand Cart
34:57 Imperial Age
35:47 Bracer
36:17 Ring Archer Armor
36:56 Chemistry
36:09 Masonry
36:05 Siege Engineers
35:58 Murder Holes
38:13 Onager
39:07 Elite Jomsviking
40:23 Hoardings
39:09 Hamask
40:24 Chain Mail Armor
40:45 Iron Casting
40:24 Town Patrol
41:42 Fervor
41:55 Sanctity
41:51 Block Printing
42:02 Illumination
43:21 Siege Onager
44:34 Northmen's Fury
45:34 Conscription
47:51 Plate Mail Armor
48:22 Blast Furnace
50:12 Squires
49:58 Gambesons
50:25 Thumb Ring
75:51 Redemption
FlashCelRau
6:47 Loom
10:57 Feudal Age
11:46 Feudal Age
19:56 Fletching
21:29 Padded Archer Armor
24:12 Scale Barding Armor
27:53 Castle Age
27:23 Scale Barding Armor
27:11 Double-Bit Axe
27:09 Horse Collar
27:29 Town Watch
28:49 Gold Mining
30:26 Chain Barding Armor
31:01 Thumb Ring
32:32 Husbandry
32:43 Bloodlines
35:48 Chatras
37:53 Forging
38:21 Crossbowman
40:26 Bodkin Arrow
43:03 Leather Archer Armor
46:02 Imperial Age
45:12 Wheelbarrow
47:22 Block Printing
47:25 Devotion
49:22 Bracer
49:53 Ring Archer Armor
49:48 Hand Cart
49:36 Town Patrol
51:06 Gold Mining
52:28 Elite Rattan Archer
54:46 Paper Money
57:12 Chemistry
57:40 Iron Casting
57:42 Plate Barding Armor
56:34 Arbalester
58:05 Hoardings
60:16 Bow Saw
62:35 Guilds
73:34 Ballistics
78:00 Siege Engineers
Connection lost

Rejoining the realm…

Still unreachable

The connection could not be restored.

Session expired

The server has moved on; the page needs a fresh start.